 Dungeon Crawl Stone Soup version 0.19.4 (webtiles) character file.

303 Gargoyl the Skirmisher (level 6, -3/52 HPs)
             Began as a Ghoul Abyssal Knight on Jan 30, 2017.
             Was a Believer of Lugonu.
             Slain by Crazy Yiuf
             ... wielding a +3 quarterstaff of chaos
              (19 damage)
             ... on level 3 of the Dungeon.
             The game lasted 00:05:56 (2550 turns).

Gargoyl the Skirmisher (Ghoul Abyssal Knight)       Turns: 2550, Time: 00:05:57

Health: -3/52      AC: 11    Str: 16    XL:     6   Next: 38%
Magic:  7/7        EV:  6    Int:  7    God:    Lugonu [**....]
Gold:   207        SH:  3    Dex: 10    Spells: 0 memorised, 5 levels left

rFire  . . .     SeeInvis .     a - +1 hand axe
rCold  + . .     Gourm    .     l - +0 chain mail
rNeg   + + +     Faith    .     f - +0 buckler (curse)
rPois  ∞         Spirit   .     i - +0 helmet
rElec  .         Reflect  .     (no cloak)
rCorr  .         Harm     .     (no gloves)
MR     .....                    (no boots)
Stlth  ..........               (no amulet)
                                (no ring)
                                d - +1 ring of protection

@: rotting
A: rotting body, claws 1, carnivore 3, cold resistance 1, negative energy
resistance 3, slow regeneration 1, torment resistance, unbreathing
a: Depart the Abyss, Bend Space, Renounce Religion


You were on level 3 of the Dungeon.
You worshipped Lugonu.
Lugonu was pleased with you.
You were not hungry.

You visited 1 branch of the dungeon, and saw 3 of its levels.
You visited the Abyss 1 time.

You collected 207 gold pieces.

Inventory:

Hand Weapons
 a - a +1 hand axe (weapon)
Armour
 f - a cursed +0 buckler (worn)
 i - a +0 helmet (worn)
 l - a +0 chain mail (worn)
Jewellery
 d - a +1 ring of protection (left claw)
 o - a +3 ring of protection
Scrolls
 j - 2 scrolls of amnesia
 k - 2 scrolls of magic mapping
 n - 2 scrolls of identify
Potions
 e - a potion of heal wounds {unknown}
 g - a potion of curing
 h - a potion of degeneration {unknown}
 m - 2 potions of invisibility {unknown}
 p - a potion of haste {unknown}
 r - a potion of cure mutation {unknown}
 s - a potion of flight {unknown}
 t - a potion of lignification {unknown}
Books
 q - a book of Conjurations

   Spells                             Type                      Level
   a - Magic Dart                     Conjuration                  1
   b - Searing Ray                    Conjuration                  2
   c - Dazzling Spray                 Conjuration/Hexes            3
   d - Fulminant Prism                Conjuration/Hexes            4
   e - Iskenderun's Mystic Blast      Conjuration                  4
   f - Iskenderun's Battlesphere      Conjuration/Charms           5
Comestibles
 c - 2 meat rations


   Skills:
 + Level 4.2 Fighting
 + Level 3.8 Axes
 * Level 3.1 Armour
 + Level 1.2 Dodging
 + Level 0.6 Shields
 * Level 3.5 Invocations


You had 5 spell levels left.
You didn't know any spells.

Dungeon Overview and Level Annotations

Branches:
Dungeon (3/15)

Altars:

Annotations:
D:3 Crazy Yiuf


Innate Abilities, Weirdness & Mutations

Your body is rotting away.
You thrive on raw meat.
You are immune to poison.
You have sharp fingernails.
You are carnivorous and can eat meat at any time.
Your flesh is cold resistant. (rC+)
You are immune to negative energy. (rN+++)
You regenerate slowly when monsters are visible.
You are immune to unholy pain and torment.
You can survive without breathing.


Message History

Partly explored, obstructed by runed door.
You open the door.
Crazy Yiuf the Enlightened comes into view.
He is wielding a quarterstaff of chaos.
Crazy Yiuf shouts!
Found a mace.
There is an open door here.
You slash Crazy Yiuf!
Crazy Yiuf is moderately wounded.
You block Crazy Yiuf's attack.
You barely miss Crazy Yiuf.
Crazy Yiuf is moderately wounded.
Crazy Yiuf hits you with a quarterstaff of chaos.
You hit Crazy Yiuf.
Crazy Yiuf is severely wounded.
Crazy Yiuf hits you with a quarterstaff of chaos!
You hit Crazy Yiuf.
Crazy Yiuf is almost dead.
Crazy Yiuf hits you with a quarterstaff of chaos!
You are electrocuted!
You die...

######## .......#
######.# ####
###### #.# #.#
#)..### ##....##
#.####.#
#..g@.####......#
.....#.#
#...##..#.......#
#.##.#.#### ####
###.#......#####
..........#
#######.+.....
#.#....####
#.###### #.#....#
### ##..#
#'#....# #.#
#...# .......#
#.# #...#
.....#.# #.#
####...#


You could see Crazy Yiuf.

Vanquished Creatures
  Sigmund (D:3)
  Ijyb (D:3)
  4 adders
  An ooze (D:1)
  3 worms
  2 dart slugs
  A leopard gecko (D:3)
  A ball python (D:1)
  3 giant cockroaches
  15 goblins
  8 hobgoblins
  8 bats
  4 frilled lizards
  3 kobolds
  12 rats
67 creatures vanquished.

Notes
Turn   | Place    | Note
-------+----------+-------------------------------------------
     0 | Abyss:1  | Gargoyl the Ghoul Abyssal Knight began the quest for the Orb.
     0 | Abyss:1  | Reached XP level 1. HP: 19/19 MP: 1/1
     2 | Abyss:1  | Found a corrupted altar of Lugonu.
    75 | Abyss:2  | Found a basalt altar of Yredelemnul.
    97 | Abyss:2  | Noticed a large abomination
   102 | Abyss:2  | Noticed a chaos spawn
   116 | D:1      | Escaped the Abyss
   209 | D:1      | Reached * piety under Lugonu
   256 | D:1      | Reached XP level 2. HP: 26/26 MP: 2/2
   524 | D:1      | Reached skill level 1 in Dodging
   524 | D:1      | Reached XP level 3. HP: 28/33 MP: 3/3
  1603 | D:2      | Reached XP level 4. HP: 34/40 MP: 4/4
  1756 | D:2      | Reached ** piety under Lugonu
  2327 | D:3      | Reached XP level 5. HP: 43/46 MP: 6/6
  2413 | D:3      | Noticed Ijyb
  2434 | D:3      | Killed Ijyb
  2434 | D:3      | Reached skill level 4 in Fighting
  2447 | D:3      | Noticed Sigmund
  2477 | D:3      | Killed Sigmund
  2477 | D:3      | Reached XP level 6. HP: 28/52 MP: 7/7
  2541 | D:3      | Found a runed door.
  2545 | D:3      | Noticed Crazy Yiuf
  2550 | D:3      | Slain by Crazy Yiuf

Skill      XL: |  1  2  3  4  5 |
---------------+----------------+-----
Axes           | 2 3 |  3.8
Armour         | 2 3 |  3.1
Dodging        | 1 |  1.2
Fighting       | 4 |  4.2
Invocations    | 3 |  3.5
Shields        | |  0.6

Action                   |  1- 3 |  4- 6 || total
-------------------------+-------+-------++-------
Melee: Hand axe          |   130 |   134 ||   264
Invok: Depart the Abyss  |     1 |       ||     1
  Use: Scroll            |     6 |       ||     6
       Potion            |       |     2 ||     2
  Eat: Chunk             |    11 |     5 ||    16
Armor: Scale mail        |    45 |       ||    45
       Chain mail        |    32 |    72 ||   104
Dodge: Dodged            |    57 |    34 ||    91
Block: Buckler           |    19 |    12 ||    31
